AoeStats
← Clueless Clown

Nomad

505755517Analyzed
4v4 RM · 21d ago on Sep 10, 2026· 36m 4s· 8 players
Game mode
Random Map
Map size
231×231
Population
200
Speed
Normal
Resources
Standard
Victory
Conquest
Starting age
Dark Age
Ending age
Imperial Age
RankedLock teamsTeams togetherTeam positionsShared explorationLock speedFull tech treeHidden civsTurbo modeCheats
Victory
Defeat
🇨🇴 Berbers · Colombia
1167
+13
🇨🇴 Persians · Colombia
1134
+14
🇨🇴 Tatars · Colombia
1094
+15
🇨🇴 Hindustanis · Colombia
1077
+16
🇲🇽 Spanish · Mexico
1116
-16
🇸🇪 Mongols · Sweden
1085
-14
🇺🇸 Malay · United States
1078
-14
🇨🇴 Muisca · Colombia
1072
-14
eduhaas
6:41 Loom
13:54 Feudal Age
15:01 Fishing Lines
18:05 Castle Age
17:07 Horse Collar
17:45 Stone Mining
20:00 Fishing Lines
21:52 Double-Bit Axe
25:20 Pikeman
26:01 Squires
25:46 Gambesons
26:34 Squires
26:20 Arson
Clueless Clown
9:59 Loom
CC182
16:58 Loom
19:08 Feudal Age
20:04 Town Watch
20:08 Double-Bit Axe
21:13 Forging
24:42 Castle Age
24:32 Scale Mail Armor
26:15 Bow Saw
27:39 Chain Mail Armor
28:00 Iron Casting
31:02 Squires
34:41 Fletching
[RbF] Stickly
3:39 Loom
Ctrl Gio
5:02 Loom
13:06 Feudal Age
13:36 Double-Bit Axe
14:06 Gold Mining
15:00 Fishing Lines
20:54 Castle Age
20:45 Fletching
21:44 Gillnets
22:05 Medium Warships
22:32 Bloodlines
26:26 Forging
27:40 Bodkin Arrow
28:18 Scale Barding Armor
28:21 Town Watch
29:11 Wheelbarrow
29:56 Iron Casting
32:19 Chain Barding Armor
31:44 Horse Collar
32:21 Bow Saw
35:55 Imperial Age
Enchiskan
4:29 Loom
14:10 Feudal Age
15:01 Fishing Lines
15:25 Double-Bit Axe
16:45 Horse Collar
21:51 Bloodlines
25:42 Castle Age
23:52 Scale Barding Armor
23:57 Forging
24:22 Gold Mining
26:54 Bow Saw
26:46 Heavy Plow
27:39 Chain Barding Armor
30:27 Imperial Age
28:33 Gillnets
28:52 Husbandry
30:45 Wheelbarrow
29:55 Town Watch
31:23 Iron Casting
30:34 Elite Steppe Lancer
31:45 Fletching
32:31 Plate Barding Armor
32:17 Hand Cart
32:33 Bodkin Arrow
33:43 Chemistry
33:03 Ballistics
33:08 Town Patrol
33:51 Gold Shaft Mining
34:43 Heavy Cavalry Archer
jeibanez
10:31 Loom
16:50 Feudal Age
17:26 Double-Bit Axe
18:20 Horse Collar
23:32 Castle Age
22:47 Bloodlines
22:50 Forging
25:00 Iron Casting
24:28 Husbandry
24:42 Heavy Plow
29:00 Scale Barding Armor
29:37 Light Cavalry
Here's Jhony!
4:26 Loom
15:15 Feudal Age
15:33 Man-at-Arms
17:23 Town Watch
18:45 Horse Collar
25:39 Castle Age
24:38 Bloodlines
24:37 Scale Barding Armor
24:43 Forging
26:41 Husbandry
27:26 Double-Bit Axe
28:38 Heavy Plow
29:16 Wheelbarrow
29:00 Bow Saw
31:04 Iron Casting
30:50 Town Patrol
31:41 Gold Mining
33:49 Hand Cart
Connection lost

Rejoining the realm…

Still unreachable

The connection could not be restored.

Session expired

The server has moved on; the page needs a fresh start.